 Dungeon Crawl Stone Soup version 0.25.1-2-g60ff931df9 (webtiles) character file.

Game seed: 6862649506154137633

428 gbos the Spear-Bearer (level 6, -5/47 HPs)
             Began as a Merfolk Fighter on Nov 17, 2020.
             Blown up by a crimson imp (31 damage)
             ... with a disintegration bolt
             ... on level 5 of the Dungeon.
             The game lasted 00:02:21 (3539 turns).

gbos the Spear-Bearer (Merfolk Fighter)             Turns: 3539, Time: 00:02:22

Health: -5/47      AC: 10    Str: 22    XL:     6   Next: 98%
Magic:  6/6        EV:  8    Int:  8    God:
Gold:   109        SH:  9    Dex: 15    Spells: 5/5 levels left

rFire    x . .     SeeInvis .   Y - +1 trident
rCold    + + .     Gourm    .   c - +0 kite shield
rNeg     . . .     Faith    .   r - +0 ice dragon scales
rPois    .         Spirit   .   k - +0 helmet
rElec    .         Reflect  .   (no cloak)
rCorr    .         Harm     .   (no gloves)
MR       .....                  (no boots)
Stlth    ..........             (no amulet)
HPRegen  0.15/turn              g - +6 ring of strength
MPRegen  0.10/turn              (no ring)

@: no status effects
A: change form in water, swift swim, stealthy swim
a: no special abilities


You were on level 5 of the Dungeon.
You were not hungry.

You visited 1 branch of the dungeon, and saw 5 of its levels.

You collected 109 gold pieces.


   Skills:
 - Level 3.2 Fighting
 - Level 10.0 Polearms
 - Level 2.1 Armour
 + Level 2.1 Dodging
 - Level 3.0 Shields


You had 5 spell levels left.
You didn't know any spells.
Your spell library was empty.

Inventory:

Hand Weapons
 Y - a +1 trident (weapon)
Missiles
 n - a silver javelin (quivered)
 q - 5 boomerangs
Armour
 b - a +3 scale mail
 c - a +0 kite shield (worn)
 k - a +0 helmet (worn)
 r - +0 ice dragon scales (worn)
Jewellery
 g - a +6 ring of strength (left hand)
 s - an uncursed ring of see invisible {unknown}
 v - an uncursed amulet of magic regeneration {unknown}
Wands
 a - a wand of random effects (7)
Scrolls
 p - a scroll of blinking
 u - a scroll of teleportation
Potions
 d - 2 potions of might
 f - 3 potions of curing
 h - a potion of flight {unknown}
 i - a potion of magic {unknown}
 j - a potion of heal wounds {unknown}
 l - a potion of brilliance {unknown}
 m - a potion of mutation {unknown}
 o - a potion of haste
Comestibles
 e - 8 rations

Dungeon Overview and Level Annotations

Branches:
Dungeon (5/15)
 Temple: D:4-7

Altars:
Dithmenos
Nemelex Xobeh
The Shining One


Message History

The crimson imp is moderately wounded.
The crimson imp zaps a wand.
You are blasted!
You miss the crimson imp.
The crimson imp is moderately wounded.
The crimson imp hits you but does no damage.
You miss the crimson imp.
The crimson imp is lightly wounded.
You block the crimson imp's attack.
You hit the crimson imp but do no damage.
The crimson imp is lightly wounded.
You barely miss the crimson imp.
The crimson imp is lightly wounded.
The crimson imp picks up a beetle and eats it.
The crimson imp zaps a wand.
You are blasted!
You miss the crimson imp. You block the crimson imp's attack.
You barely miss the crimson imp.
The crimson imp zaps a wand.
You are blasted!
Ouch! That really hurt!
You die...

#.# #.# ### #.#
..# #.# #
#.#######.#
##.#+##.#.......#
..".....#.#######
..(.....#.#######
......>.@5......+
........#.......#
.#+###..#######.#
#..# # #... #.##
#. ##


You could see a crimson imp.

Vanquished Creatures
  Sigmund (D:2)
  An orc priest (D:3)
  Ijyb (D:3)
  An orc wizard (D:3)
  Terence (D:2)
  A worker ant (D:4)
  Robin (D:2)
  6 adders
  An ooze (D:1)
  An adder skeleton (D:5)
  2 worms (D:3)
  A dart slug (D:1)
  4 leopard geckos
  10 orcs
  A giant cockroach (D:3)
  12 goblins
  7 hobgoblins
  A ball python skeleton (D:4)
  3 bats
  3 frilled lizards
  6 kobolds
  A quokka zombie (D:5)
  8 rats
74 creatures vanquished.

Notes
Turn   | Place    | Note
-------+----------+-------------------------------------------
     0 | D:1      | gbos the Merfolk Fighter began the quest for the Orb.
     0 | D:1      | Reached XP level 1. HP: 18/18 MP: 1/1
     0 | D:1      | 0 ||| counter = 190
   123 | D:1      | 123 ||| Stepping ~*~*~tactically~*~*~ (hiding).
   124 | D:1      | 124 ||| Waiting for ranged monster.
   207 | D:1      | Reached skill level 4 in Polearms
   207 | D:1      | Reached XP level 2. HP: 24/24 MP: 2/2
   554 | D:1      | Reached skill level 1 in Dodging
   753 | D:1      | 753 ||| READING scroll labeled MABAMI IG OMOASH.
   754 | D:1      | 754 ||| READING scroll labeled POGOGI SEGGORO.
   755 | D:1      | 755 ||| READING scroll labeled UDEEDY HUIGUU.
   756 | D:1      | 756 ||| READING scroll labeled ALABLY JOZORCHE.
   757 | D:1      | 757 ||| READING scroll labeled ONUABO FEOCLIU.
   879 | D:2      | Found a glowing golden altar of the Shining One.
   879 | D:2      | Noticed Sigmund
   880 | D:2      | 880 ||| Stepping ~*~*~tactically~*~*~ (hiding).
   881 | D:2      | 881 ||| Stepping ~*~*~tactically~*~*~ (hiding).
   882 | D:2      | 882 ||| Waiting for ranged monster.
   891 | D:2      | Killed Sigmund
   891 | D:2      | Reached skill level 7 in Polearms
   891 | D:2      | Reached XP level 3. HP: 14/29 MP: 3/3
   891 | D:2      | Reached XP level 4. HP: 17/35 MP: 4/4
   891 | D:2      | Reached XP level 5. HP: 20/41 MP: 5/5
  1057 | D:2      | Found a sparkling altar of Nemelex Xobeh.
  1068 | D:2      | 1068 ||| Stepping ~*~*~tactically~*~*~ (stealth).
  1069 | D:2      | Reached skill level 8 in Polearms
  1071 | D:2      | 1071 ||| Stepping ~*~*~tactically~*~*~ (stealth).
  1073 | D:2      | 1073 ||| Stepping ~*~*~tactically~*~*~ (stealth).
  1074 | D:2      | 1074 ||| Stepping ~*~*~tactically~*~*~ (stealth).
  1076 | D:2      | 1076 ||| Stepping ~*~*~tactically~*~*~ (stealth).
  1081 | D:2      | Noticed Robin
  1082 | D:2      | 1082 ||| Stepping ~*~*~tactically~*~*~ (hiding).
  1083 | D:2      | 1083 ||| Stepping ~*~*~tactically~*~*~ (hiding).
  1084 | D:2      | 1084 ||| Waiting for ranged monster.
  1086 | D:2      | 1086 ||| Stepping ~*~*~tactically~*~*~ (hiding).
  1087 | D:2      | 1087 ||| Waiting for ranged monster.
  1092 | D:2      | Killed Robin
  1123 | D:2      | 1123 ||| Stepping ~*~*~tactically~*~*~ (hiding).
  1124 | D:2      | 1124 ||| Waiting for ranged monster.
  1125 | D:2      | 1125 ||| Stepping ~*~*~tactically~*~*~ (hiding).
  1126 | D:2      | 1126 ||| Waiting for ranged monster.
  1788 | D:2      | Noticed Terence
  1795 | D:2      | Killed Terence
  1795 | D:2      | Reached XP level 6. HP: 47/47 MP: 6/6
  1828 | D:2      | 1828 ||| UPGRADING to ring mail.
  1838 | D:2      | 1838 ||| DROPPING +0 scale mail.
  1839 | D:2      | 1839 ||| UPGRADING to cursed +0 helmet.
  1844 | D:2      | 1844 ||| UPGRADING to ice dragon scales.
  1854 | D:2      | 1854 ||| READING scroll labeled GOUMMI CIFUPT.
  1859 | D:2      | 1859 ||| READING 2 scrolls labeled ACECYULOOST.
  1860 | D:2      | 1860 ||| READING scroll labeled BEROXUIREI.
  1861 | D:2      | 1861 ||| DRINKING 2 glowing coppery potions.
  1862 | D:2      | 1862 ||| DRINKING 2 sapphire potions.
  1863 | D:2      | 1863 ||| DROPPING potion of stabbing.
  1875 | D:3      | Noticed Ijyb
  1901 | D:3      | Killed Ijyb
  1914 | D:3      | 1914 ||| Stepping ~*~*~tactically~*~*~ (stealth).
  1923 | D:3      | 1923 ||| Stepping ~*~*~tactically~*~*~ (reaching).
  1925 | D:3      | 1925 ||| Stepping ~*~*~tactically~*~*~ (reaching).
  1927 | D:3      | 1927 ||| Stepping ~*~*~tactically~*~*~ (reaching).
  1928 | D:3      | 1928 ||| Stepping ~*~*~tactically~*~*~ (reaching).
  1944 | D:3      | 1944 ||| Stepping ~*~*~tactically~*~*~ (stealth).
  1948 | D:3      | 1948 ||| Stepping ~*~*~tactically~*~*~ (stealth).
  1949 | D:3      | 1949 ||| Stepping ~*~*~tactically~*~*~ (stealth).
  1961 | D:3      | 1961 ||| Stepping ~*~*~tactically~*~*~ (hiding).
  1968 | D:3      | Reached skill level 9 in Polearms
  2113 | D:3      | 2113 ||| Stepping ~*~*~tactically~*~*~ (reaching).
  2115 | D:3      | 2115 ||| Stepping ~*~*~tactically~*~*~ (reaching).
  2117 | D:3      | 2117 ||| Stepping ~*~*~tactically~*~*~ (reaching).
  2118 | D:3      | 2118 ||| Stepping ~*~*~tactically~*~*~ (reaching).
  2119 | D:3      | 2119 ||| Stepping ~*~*~tactically~*~*~ (stealth).
  2120 | D:3      | 2120 ||| Stepping ~*~*~tactically~*~*~ (stealth).
  2121 | D:3      | 2121 ||| Stepping ~*~*~tactically~*~*~ (reaching).
  2123 | D:3      | 2123 ||| Stepping ~*~*~tactically~*~*~ (reaching).
  2124 | D:3      | 2124 ||| Stepping ~*~*~tactically~*~*~ (reaching).
  2347 | D:3      | 2347 ||| Stepping ~*~*~tactically~*~*~ (stealth).
  2348 | D:3      | 2348 ||| Stepping ~*~*~tactically~*~*~ (stealth).
  2349 | D:3      | 2349 ||| Stepping ~*~*~tactically~*~*~ (stealth).
  2595 | D:3      | 2595 ||| Stepping ~*~*~tactically~*~*~ (stealth).
  2648 | D:3      | 2648 ||| Stepping ~*~*~tactically~*~*~ (stealth).
  2721 | D:3      | 2721 ||| Stepping ~*~*~tactically~*~*~ (stealth).
  2868 | D:3      | 2868 ||| DROPPING +0 ring mail.
  2869 | D:3      | 2869 ||| READING scroll labeled XOM QENGOIFIASE.
  2959 | D:4      | 2959 ||| FLEEEEING.
  2960 | D:4      | 2960 ||| FLEEEEING.
  2961 | D:4      | 2961 ||| FLEEEEING.
  2962 | D:4      | 2962 ||| FLEEEEING.
  2963 | D:4      | 2963 ||| FLEEEEING.
  2964 | D:4      | 2964 ||| FLEEEEING.
  2965 | D:4      | 2965 ||| FLEEEEING.
  2966 | D:4      | 2966 ||| FLEEEEING.
  2967 | D:4      | 2967 ||| FLEEEEING.
  2968 | D:4      | 2968 ||| FLEEEEING.
  2969 | D:4      | 2969 ||| FLEEEEING.
  2970 | D:4      | 2970 ||| FLEEEEING.
  2971 | D:4      | 2971 ||| FLEEEEING.
  2972 | D:4      | 2972 ||| FLEEEEING.
  2973 | D:4      | 2973 ||| FLEEEEING.
  2974 | D:4      | 2974 ||| FLEEEEING.
  2975 | D:4      | 2975 ||| FLEEEEING.
  2976 | D:4      | 2976 ||| FLEEEEING.
  2977 | D:4      | 2977 ||| FLEEEEING.
  2982 | D:4      | 2982 ||| FLEEEEING.
  2983 | D:4      | 2983 ||| FLEEEEING.
  2984 | D:4      | 2984 ||| FLEEEEING.
  2985 | D:4      | 2985 ||| FLEEEEING.
  2986 | D:4      | 2986 ||| STAIRDANCE
  2995 | D:3      | Reached skill level 10 in Polearms
  3114 | D:3      | 3114 ||| READING scroll labeled FUOHEYKKIE.
  3115 | D:3      | 3115 ||| DRINKING 2 lumpy cyan potions.
  3255 | D:4      | Found a shadowy altar of Dithmenos.
  3453 | D:4      | 3453 ||| EATING 8 rations.
  3490 | D:4      | 3490 ||| READING scroll of identify.
  3490 | D:4      | 3490 ||| IDENTIFYING pearl ring
  3491 | D:4      | 3491 ||| UPGRADING to +6 ring of strength.
  3495 | D:5      | Entered Level 5 of the Dungeon
  3512 | D:5      | 3512 ||| Stepping ~*~*~tactically~*~*~ (stealth).
  3513 | D:5      | 3513 ||| Stepping ~*~*~tactically~*~*~ (stealth).
  3515 | D:5      | 3515 ||| Stepping ~*~*~tactically~*~*~ (stealth).
  3525 | D:5      | 3525 ||| Stepping ~*~*~tactically~*~*~ (stealth).
  3539 | D:5      | Blown up by a crimson imp

Levels and vault maps discovered:
D:1:      grunt_arrival_lava_bath, layout_basic
D:2:      layout_basic, grunt_temple_overflow_open, uniq_terence, uniq_robin,
          uniq_sigmund
D:3:      layout_basic, uniq_ijyb
D:4:      layout_basic, grunt_dithmenos_smoke, st_stairs_14
D:5:      layout_basic, lemuel_crystal_altar, minmay_temple_entry_from_below_a,
          first_ration, roderic_lattice_a, uniq_edmund

Skill      XL: |  1  2  3  4  5  6 |
---------------+-------------------+-----
Polearms       | 4 7 8 10 | 10.0
Dodging        | 1 2 |  2.1
Fighting       | |  3.2
Armour         | |  2.1
Shields        | |  3.0

Action                   |  1- 3 |  4- 6 || total
-------------------------+-------+-------++-------
Melee: Trident           |    44 |   145 ||   189
Throw: Javelin           |     3 |    49 ||    52
  Use: Scroll            |     5 |     6 ||    11
       Potion            |       |     3 ||     3
 Stab: Distracted        |       |     1 ||     1
  Eat: Chunk             |       |     7 ||     7
       Ration            |       |     1 ||     1
Armor: Scale mail        |     5 |     9 ||    14
       Ice dragon scales |       |    26 ||    26
Dodge: Dodged            |     4 |     8 ||    12
Block: Kite shield       |    15 |    30 ||    45

Table legend:
 A = Non-vault XP
 B = Vault XP
 C = Vault XP percentage of total XP
 D = Non-vault monster count
 E = Vault monster count
 F = Vault count percentage of total count
                 A         B        C        D         E       F
            +---------+---------+-------+---------+---------+-------
      Total |     303 |     309 |  50.5 |      63 |      11 |  14.9
            +---------+---------+-------+---------+---------+-------
        D:1 |      28 |       0 |   0.0 |      13 |       0 |   0.0
        D:2 |      29 |     273 |  90.4 |      12 |      10 |  45.5
        D:3 |     186 |      36 |  16.2 |      27 |       1 |   3.6
        D:4 |      54 |       0 |   0.0 |       9 |       0 |   0.0
        D:5 |       6 |       0 |   0.0 |       2 |       0 |   0.0
            +---------+---------+-------+---------+---------+-------
